 Dungeon Crawl Stone Soup version 0.31-a0-986-g5e6e4ef867 (webtiles) character file.

Game seed: 15005775414848711733

5437 tbh1313 the Cruncher (level 10, -11/56 HPs)
             Began as a Gargoyle Fighter on Nov 20, 2023.
             Was a Follower of Sif Muna.
             Mangled by a sun demon (18 damage)
             ... summoned by a kobold demonologist
             ... on level 9 of the Dungeon.
             The game lasted 00:52:19 (9352 turns).

tbh1313 the Cruncher (Gargoyle Fighter)             Turns: 9352, Time: 00:52:20

Health: -11/56     AC: 17    Str: 19    XL:     10   Next: 68%
Magic:  0/19       EV: 11    Int: 26    God:    Sif Muna [*.....]
Gold:   507        SH:  0    Dex:  9    Spells: 17/21 levels left

rFire   . . .        h - staff of earth
rCold   . . .        (no shield)
rNeg    + . .        w - +1 robe
rPois   ∞            g - +2 helmet
rElec   +            (no cloak)
rCorr   .            l - +2 pair of gloves
SInv    .            (no boots)
Will    +....        m - amulet of Nihilism {Spirit Will+}
Stlth   +            A - +6 ring of intelligence
HPRegen 0.29/turn    k - +6 ring of intelligence
MPRegen 0.16/turn

%: guardian spirit
@: very slightly contaminated
A: sickness immunity, AC +7, negative energy resistance 1, electricity
resistance, torment resistance 1, petrification resistance
a: Renounce Religion, Channel Magic


You were on level 9 of the Dungeon.
You worshipped Sif Muna.
Sif Muna was aware of your devotion.
You visited 2 branches of the dungeon, and saw 10 of its levels.

You collected 507 gold pieces.

Inventory:

Hand Weapons
 a - a +0 flail
 j - a +1 morningstar
Armour
 b - a +1 scale mail
 c - a +0 buckler
 g - a +2 helmet (worn)
 l - a +2 pair of gloves (worn)
 n - a +0 troll leather armour
 w - a +1 robe (worn)
 C - an orb of mayhem
 H - a +0 cloak
Magical Staves
 h - a staff of earth (weapon)
Jewellery
 f - a ring of flight
 k - a +6 ring of intelligence (right hand)
 m - the amulet of Nihilism (around neck) {Spirit Will+}
   (You found it on level 2 of the Dungeon)

   [amulet of guardian spirit]

   Spirit:    It causes incoming damage to be divided between your reserves of
   health and magic.
   Will+:     It increases your willpower.
 A - a +6 ring of intelligence (left hand)
 E - a ring of see invisible
Wands
 y - a wand of flame (14)
 F - a wand of mindburst (19)
Scrolls
 t - 3 scrolls of revelation
 u - a scroll of torment
 x - a scroll of vulnerability
Potions
 d - a potion of might
 e - a potion of attraction
 i - 5 potions of curing
 o - 2 potions of magic
 p - 2 potions of enlightenment {unknown}
 q - 2 potions of haste {unknown}
 r - a potion of heal wounds
 s - 3 potions of mutation
 v - a potion of berserk rage {unknown}
 z - 4 potions of brilliance
 B - a potion of ambrosia {unknown}
 D - a potion of lignification {unknown}
 G - a potion of resistance {unknown}


   Skills:
 - Level 3.2 Fighting
 - Level 4.5(7.1) Maces & Flails
 + Level 8.6(9.1) Staves
 - Level 5.9 Armour
 - Level 3.2 Shields
 - Level 6.2 Spellcasting
 + Level 2.4 Conjurations
 + Level 8.5 Earth Magic
 - Level 4.3 Evocations


You had 17 spell levels left.
You knew the following spells:

 Your Spells              Type           Power      Damage    Failure   Level
a - Sandblast             Erth           100%       2d20      1%          1
b - Stone Arrow           Conj/Erth      100%       3d13      2%          3

Your spell library contained the following spells:

 Spells                   Type           Power      Damage    Failure   Level
 Passwall                 Tmut/Erth      37%        N/A       1%          2
 Foxfire                  Conj/Fire      56%        2x1d6     4%          1
 Freeze                   Ice            32%        1d5       7%          1
 Brom's Barrelling Bould  Conj/Erth      53%        2d7       7%          4
 Ensorcelled Hibernation  Hex/Ice        16%        N/A       11%         2
 Sigil of Binding         Hex            8%         N/A       21%         3
 Summon Mana Viper        Hex/Summ       8%         N/A       88%         5
 Conjure Ball Lightning   Conj/Air       7%         3x3d6     99%         6
 Polar Vortex             Ice            4%         N/A       100%        9


Dungeon Overview and Level Annotations

Branches:
Dungeon (9/15)             Temple (1/1) D:7
   Lair: D:8-11         Orc: D:9-12

Altars:
Ashenzari
Cheibriados
Dithmenos
Elyvilon
Fedhas
Gozag
Hepliaklqana
Kikubaaqudgha
Makhleb
Nemelex Xobeh
Okawaru
Qazlal
Ru
Sif Muna
Trog
Uskayaw
Vehumet
Wu Jian
Xom
Yredelemnul
Zin
The Shining One

Shops:
D:5 [

Annotations:
D:8 2 transporters, backslashecho's ghost, novice HOBe


Innate Abilities, Weirdness & Mutations

You are immune to sickness and miasma.
Your stone body is resilient. (AC +7)
You are immune to poison.
You resist negative energy. (rN+)
You are resistant to electric shocks. (rElec)
You are resistant to unholy torment.
You are immune to petrification.


Message History

The hellwing hits you but does no damage.
The hellwing hits you. The sun demon hits you.
You are engulfed in flames!
* * * LOW HITPOINT WARNING * * *
The kobold demonologist hits you with a +0 dagger.
* * * LOW HITPOINT WARNING * * *
Casting: Sandblast (safe; 1% risk of failure)
Confirm with . or Enter, or press ? or * to list all spells.
Okay, then.
Unknown command.
You feel much better.
The hellwing hits you but does no damage. x2
The sun demon hits you!
You are engulfed in flames!
* * * LOW HITPOINT WARNING * * *
The kobold demonologist barely misses you.
Okay, then.
Okay, then.
Casting: Sandblast (safe; 1% risk of failure)
Confirm with . or Enter, or press ? or * to list all spells.
Okay, then.
Press: ? - help, v - describe, . - travel
Here: a kobold demonologist, wielding a +0 dagger and wearing a +0 robe (severely wounded)
The floor, spattered with blood.
You hit the kobold demonologist but do no damage.
The kobold demonologist is severely wounded.
The hellwing barely misses you. The hellwing hits you.
* * * LOW HITPOINT WARNING * * *
The sun demon closely misses you.
Press: ? - help, v - describe, . - travel
Here: a kobold demonologist, wielding a +0 dagger and wearing a +0 robe (severely wounded)
The floor, spattered with blood.
Casting: Sandblast (safe; 1% risk of failure)
Confirm with . or Enter, or press ? or * to list all spells.
You don't have enough magic to cast this spell.
Okay, then.
You hit the kobold demonologist but do no damage.
The kobold demonologist is severely wounded.
The kobold demonologist hits you but does no damage.
The hellwing hits you but does no damage.
The hellwing misses you. The sun demon hits you!!
You die...

. #.#.##.###...
........... .
....#.##.###... ....
....'.......... .....
.K..#.......... ......
....#[......... ......
....##.#.###.÷#
......#+#....##.#.# #).#
####..@K....##'#.# #..#
......4.3.##......###..#
..$.......##........)..#
..........##......###)##
.........###......# #)#
.........# #......# #.#
.#######.###.##+#.###.#
...............#...#.#
#######.###.####.#.#.##


You could see a sun demon (summoned), a hellwing (summoned) and a kobold
demonologist.

Levels and vault maps discovered:
D:1:      scummos_arrival_star, layout_basic
D:2:      minmay_general_purpose_star, layout_basic
D:3:      layout_loops_ring, uniq_sigmund
D:4:      layout_loops_ring
D:5:      layout_gridville, nzn_wu_jian_council_hall,
          mainiacjoe_overflow_catwalk, serial_shops, nicolae_shop_stone,
          grunt_ministairs_8
D:6:      layout_basic, nicolae_hepliaklqana_monster_ancestors, uniq_grinder
D:7:      layout_basic, overflow_temple_1_default, lemuel_doored_altar,
          mainiacjoe_overflow_tiny_flanked, minmay_temple_entry_trees
D:8:      layout_basic, gammafunk_ghost_arena, nicolae_figureground_sparkle
D:9:      layout_basic, serial_shops, shop_statue,
          minmay_fractal_squares_diagonal_5, uniq_erolcha, uniq_jeremiah
Temple:   compressed_dpeg_triangle_lava_temple

Notes
Turn   | Place    | Note
-------+----------+-------------------------------------------
     0 | D:1      | tbh1313 the Gargoyle Fighter began the quest for the Orb.
     0 | D:1      | Reached XP level 1. HP: 14/14 MP: 1/1
   361 | D:1      | Reached XP level 2. HP: 14/19 MP: 2/2
   953 | D:2      | Reached XP level 3. HP: 23/23 MP: 3/3
  1025 | D:2      | Identified the amulet of Nihilism {Spirit Will+}
  1210 | D:2      | Reached XP level 4. HP: 22/28 MP: 2/4
  1543 | D:2      | Learned a level 1 spell: Sandblast
  2243 | D:3      | Noticed Sigmund
  2678 | D:3      | Killed Sigmund
  2679 | D:3      | Reached skill level 1 in Staves
  2679 | D:3      | Reached skill level 1 in Spellcasting
  2679 | D:3      | Reached skill level 1 in Evocations
  2679 | D:3      | Reached XP level 5. HP: 26/32 MP: 2/6
  2679 | D:3      | Reached XP level 6. HP: 30/37 MP: 2/7
  3349 | D:4      | Learned a level 3 spell: Stone Arrow
  3886 | D:4      | Reached XP level 7. HP: 40/41 MP: 8/10
  4248 | D:5      | Identified the "Vili Loa"
  4248 | D:5      | Entered Level 5 of the Dungeon
  4469 | D:5      | Found a shimmering altar of Xom.
  4615 | D:5      | Found Seinudim's Antique Armour Shop.
  5226 | D:6      | Noticed Grinder
  5239 | D:6      | Killed Grinder
  5240 | D:6      | Reached skill level 5 in Earth Magic
  5240 | D:6      | Reached XP level 8. HP: 32/46 MP: 3/12
  5410 | D:5      | Found an ornate altar of the Wu Jian Council.
  5914 | D:6      | Reached XP level 9. HP: 51/51 MP: 11/15
  5968 | D:6      | Noticed a troll
  5971 | D:6      | Killed a troll
  6172 | D:6      | Found a hazy altar of Hepliaklqana.
  6362 | D:7      | Found a sacrificial altar of Ru.
  6491 | D:7      | Found a snail-covered altar of Cheibriados.
  6502 | D:7      | Reached skill level 5 in Staves
  6576 | D:7      | Reached skill level 5 in Spellcasting
  6931 | D:7      | Found a staircase to the Ecumenical Temple.
  6964 | D:7      | Found a white marble altar of Elyvilon.
  7000 | Temple   | Entered the Ecumenical Temple
  7008 | Temple   | Became a worshipper of Sif Muna the Loreminder
  7059 | D:8      | Identified the "Ygacafox"
  7733 | D:8      | Found a transporter.
  7733 | D:8      | Noticed a cyclops
  7733 | D:8      | Noticed a catoblepas
  7737 | D:8      | Noticed backslashecho's ghost (novice HOBe)
  7750 | D:8      | Found a transporter.
  8572 | D:9      | Noticed a hornet
  8575 | D:9      | Reached XP level 10. HP: 56/56 MP: 15/19
  8913 | D:9      | Noticed a two-headed ogre
  8919 | D:9      | Killed a two-headed ogre
  8920 | D:9      | Reached skill level 5 in Armour
  8952 | D:9      | Reached * piety under Sif Muna
  8978 | D:9      | Noticed Jeremiah
  9167 | D:9      | Reached skill level 1 in Conjurations
  9180 | D:9      | Killed Jeremiah
  9328 | D:9      | Noticed a kobold demonologist
  9348 | D:9      | Noticed a sun demon
  9349 | D:9      | HP: 5/56 [sun demon[a kobold demonologist] (13)]
  9352 | D:9      | Mangled by a sun demon

Table legend: (Time is in decaauts)
 A = Elapsed time spent in this place.
 B = Non-inter-level travel time spent in this place.
 C = Inter-level travel time spent in this place.
 D = Time resting spent in this place.
 E = Time spent auto-exploring this place.
 F = Levels seen in this place.
 G = Mean time per level.
                   A        B        C        D        E       F      G
               +--------+--------+--------+--------+--------+-----+--------+
         Total |   9451 |   8786 |    665 |   1340 |   6059 |  10 |  945.1 |
       Dungeon |   9435 |   8779 |    656 |   1340 |   6059 |   9 | 1048.3 |
        Temple |     16 |      8 |      8 |      0 |      0 |   1 |   16.0 |
               +--------+--------+--------+--------+--------+-----+--------+

Top non-repeatable levels by time:
     D:2: 1420 daAuts
     D:7: 1283 daAuts
     D:8: 1089 daAuts
     D:5: 1059 daAuts
     D:6: 1016 daAuts
     D:4: 976 daAuts
     D:1: 962 daAuts
     D:3: 918 daAuts
     D:9: 709 daAuts
  Temple: 16 daAuts

Table legend:
 A = Kills in this place as a percentage of kills in the entire game.
 B = Kills by you in this place as a percentage of kills by you in the entire game.
 C = Kills by friends in this place as a percentage of kills by friends in the entire game.
 D = Other kills in this place as a percentage of other kills in the entire game.
 E = Experience gained in this place as a percentage of experience gained in the entire game.
 F = Experience gained in this place divided by the number of levels of this place that you have seen.
                   A       B       C       D       E      F
               +-------+-------+-------+-------+-------+----------------------
         Total | 100.0 | 100.0 |   N/A |   N/A | 100.0 | 776.8
       Dungeon | 100.0 | 100.0 |   N/A |   N/A | 100.0 | 863.1
               +-------+-------+-------+-------+-------+----------------------

Action                     |  1- 3 |  4- 6 |  7- 9 | 10-12 || total
---------------------------+-------+-------+-------+-------++-------
  Melee: Flail             |    62 |    29 |       |       ||    91
         Staff             |       |   117 |   135 |    25 ||   277
         Punch             |       |     2 |       |     2 ||     4
         Morningstar       |       |     1 |       |       ||     1
   Cast: Sandblast         |       |    12 |    98 |    56 ||   166
         Stone Arrow       |       |       |     8 |     3 ||    11
  Evoke: Wand              |       |       |     2 |       ||     2
    Use: Scroll            |       |     7 |     6 |     6 ||    19
         Potion            |       |     1 |       |     3 ||     4
 Armour: Scale mail        |    35 |    47 |       |       ||    82
         Robe              |       |    54 |   171 |   103 ||   328
  Dodge: Dodged            |    23 |    80 |   157 |    65 ||   325

Vanquished Creatures
  A two-headed ogre (D:9)
  Jeremiah (D:9)
  A troll (D:6)
  A hornet (D:8)
  Grinder (D:6)
  Sigmund (D:3)
  5 yaks (D:9)
  A steam dragon (D:9)
  2 sky beasts (D:6)
  An ice beast (D:6)
  A black bear (D:7)
  4 ogres
  3 centaurs
  A kobold brigand (D:9)
  4 bullfrogs
  A scorpion (D:4)
  13 wights
  8 killer bees
  A howler monkey (D:5)
  An orc priest (D:6)
  3 hounds
  5 jellies
  A sleepcap (D:7)
  4 orc wizards (D:9)
  4 gnolls
  7 adders
  A shadow imp (D:7)
  3 white imps (D:6)
  2 ufetubi (D:5)
  2 worms
  A dart slug (D:3)
  15 orcs
  7 endoplasms
  3 giant cockroaches
  6 hobgoblins
  3 kobolds
  6 quokkas
  5 ball pythons
  2 bats
  A frilled lizard (D:1)
  6 goblins
  4 rats
  A spectral orc (D:6)
144 creatures vanquished.
